 Dungeon Crawl Stone Soup version 0.21.1-1-g345015f (webtiles) character file.

84 nicolaieve the Chopper (level 4, 0/39 HPs)
             Began as a Minotaur Berserker on June 13, 2018.
             Was a Believer of Trog.
             Slain by a gnoll
             ... wielding a +0 halberd
              (5 damage)
             ... on level 2 of the Dungeon.
             The game lasted 00:04:41 (653 turns).

nicolaieve the Chopper (Minotaur Berserker)          Turns: 653, Time: 00:04:43

Health: 0/39       AC:  7    Str: 22    XL:     4   Next: 24%
Magic:  3/3        EV: 10    Int:  4    God:    Trog [**....]
Gold:   45         SH:  0    Dex: 10    Spells: 3/3 levels left

rFire    x . .     SeeInvis .   a - +0 hand axe
rCold    + + .     Gourm    .   (no shield)
rNeg     . . .     Faith    .   h - +0 scale mail
rPois    .         Spirit   .   (helmet restricted)
rElec    .         Reflect  .   (no cloak)
rCorr    .         Harm     .   m - +0 pair of gloves (curse)
MR       .....                  (no boots)
Stlth    ..........             (no amulet)
HPRegen  0.13/turn              d - ring of protection from cold
MPRegen  0.08/turn              g - ring of ice

@: berserk cooldown, slowed, very slow
A: retaliatory headbutt, horns 2
a: Berserk, Trog's Hand, Burn Spellbooks, Renounce Religion


You were on level 2 of the Dungeon.
You worshipped Trog.
Trog was pleased with you.
You were not hungry.

You visited 1 branch of the dungeon, and saw 2 of its levels.

You collected 45 gold pieces.

Inventory:

Hand Weapons
 a - a +0 hand axe (weapon)
Armour
 h - a +0 scale mail (worn)
 m - a cursed +0 pair of gloves (worn)
Jewellery
 d - a ring of protection from cold (left hand)
 g - a ring of ice (right hand)
 j - an uncursed ring of flight {unknown}
Scrolls
 b - a scroll of amnesia {unknown}
 k - a scroll of blinking {unknown}
Potions
 e - a potion of ambrosia {unknown}
 i - 2 potions of heal wounds {unknown}
 l - a potion of brilliance {unknown}
Comestibles
 c - 4 rations
 f - 7 chunks of flesh


   Skills:
 - Level 3.6 Fighting
 * Level 6.2 Axes
 - Level 2.4 Armour
 - Level 2.1 Dodging


You had 3 spell levels left.
You didn't know any spells.

Dungeon Overview and Level Annotations

Branches:
Dungeon (2/15)

Altars:
Trog


Innate Abilities, Weirdness & Mutations

You reflexively headbutt those who attack you in melee.
You have a pair of horns on your head.


Message History

The rat bites you but does no damage.
You closely miss the adder.
The adder is heavily wounded.
You slash the rat!
You kill the rat!
Trog accepts your kill.
The gnoll hits you from afar with a halberd.
* * * LOW HITPOINT WARNING * * *
The adder bites you but does no damage.
You slash the adder!
You kill the adder!
Trog accepts your kill.
You feel a strong urge to attack something.
You are no longer berserk.
You are exhausted.
You feel yourself slow down. The gnoll barely misses you.
You closely miss the gnoll. Your headbutt misses the gnoll.
The gnoll hits you with a halberd.
You die...

# #. ## .### .#..
..## .#.# #...
.#.###.## #####
...##...####...#####
#
................@g.#
.##
#...##.#####...###.#
...## ##......#
##### #.#.....#
#...##..# #))......
..#.##..# #..†......
.##.##..#
...........
.##.##..#
#...........
....##..#
##..........
.#####...
...........


You could see a gnoll.

Vanquished Creatures
  3 adders (D:2)
  An ooze (D:1)
  5 dart slugs
  A giant cockroach (D:1)
  6 goblins
  4 hobgoblins
  5 jackals (D:1)
  A quokka (D:2)
  5 bats
  A frilled lizard (D:1)
  5 kobolds
  4 rats
41 creatures vanquished.

Vanquished Creatures (others)
  4 toadstools (D:1)
4 creatures vanquished.

Grand Total: 45 creatures vanquished

Notes
Turn   | Place    | Note
-------+----------+-------------------------------------------
     0 | D:1      | nicolaieve the Minotaur Berserker began the quest for the Orb.
     0 | D:1      | Reached XP level 1. HP: 19/19 MP: 0/0
    42 | D:1      | Reached skill level 4 in Axes
    81 | D:1      | Reached XP level 2. HP: 20/26 MP: 1/1
   179 | D:1      | Reached skill level 5 in Axes
   198 | D:1      | Reached XP level 3. HP: 14/31 MP: 2/2
   325 | D:1      | Reached ** piety under Trog
   468 | D:2      | Found a bloodstained altar of Trog.
   642 | D:2      | Reached skill level 6 in Axes
   642 | D:2      | Reached XP level 4. HP: 5/39 MP: 3/3
   653 | D:2      | Slain by a gnoll

Skill      XL: |  1  2  3 |
---------------+----------+-----
Axes           | 4 5 6 |  6.2
Fighting       | |  3.6
Armour         | |  2.4
Dodging        | |  2.1

Action                   |  1- 3 |  4- 6 || total
-------------------------+-------+-------++-------
Melee: Hand axe          |    53 |     4 ||    57
       Headbutt          |    11 |       ||    11
Invok: Berserk           |     1 |       ||     1
Armor: Animal skin       |     2 |       ||     2
       Scale mail        |    12 |     2 ||    14
Dodge: Dodged            |    34 |     5 ||    39
